 Dungeon Crawl Stone Soup version 0.18-b1-22-ge198996 (webtiles) character file.

192 Chiseanne the Magician (level 5, -6/35 HPs)
             Began as a Demonspawn Wizard on May 3, 2016.
             Killed by divine providence
             ... invoked by an orc priest
              (12 damage)
             ... on level 3 of the Dungeon.
             The game lasted 00:10:50 (4537 turns).

Chiseanne the Magician (Demonspawn Wizard)          Turns: 4537, Time: 00:10:51

Health: -6/35      AC:  7    Str:  7    XL:     5   Next: 42%
Magic:  0/11       EV: 12    Int: 20    God:
Gold:   82         SH:  2    Dex: 12    Spells: 5 memorised, 2 levels left

rFire  . . .     SeeInvis .     m - +0 short sword
rCold  . . .     Gourm    .     a - +0 robe
rNeg   . . .     Faith    .     (no shield)
rPois  .         Spirit   +     q - +0 helmet
rElec  .         Dismiss  .     (no cloak)
rCorr  .         Reflect  .     h - +0 pair of gloves
SustAt .         Harm     .     s - +0 pair of boots
MR     .....                    (no amulet)
Stlth  ++........               (no ring)
                                (no ring)

@: repel missiles, not resistant to hostile enchantments, unstealthy
A: talons 1, large bone plates 1, magic shield
a: no special abilities


You were on level 3 of the Dungeon.
You were not hungry.

You visited 1 branch of the dungeon, and saw 3 of its levels.

You collected 82 gold pieces.

Inventory:

Hand Weapons
 m - a +0 short sword (weapon)
Missiles
 f - 23 bolts
 i - 52 stones (quivered)
 l - 7 arrows
 r - 14 poisoned needles
 u - 2 tomahawks
Armour
 a - a +0 robe (worn)
 h - a +0 pair of gloves (worn)
 q - a +0 helmet (worn)
 s - a +0 pair of boots (worn)
Scrolls
 e - 4 scrolls of amnesia
 n - 2 scrolls of remove curse
Potions
 k - 2 potions of brilliance
 o - a potion of cure mutation {unknown}
 p - a potion of curing {unknown}
 t - a potion of heal wounds {unknown}
Books
 c - a book of Minor Magic

   Spells                             Type                      Level
   a - Magic Dart                     Conjuration                  1
   b - Blink                          Translocation                2
   c - Call Imp                       Summoning                    2
   d - Repel Missiles                 Charms/Air                   2
   e - Slow                           Hexes                        2
   f - Conjure Flame                  Conjuration/Fire             3
   g - Mephitic Cloud                 Conjuration/Poison/Air       3
Comestibles
 b - 7 chunks of flesh
 d - 2 bread rations
 g - a meat ration
 j - a beef jerky


   Skills:
 - Level 1.7 Dodging
 - Level 1.7 Stealth
 * Level 4.5 Spellcasting
 * Level 3.8 Conjurations
   Level 1.0 Summonings
 - Level 0.8 Translocations


You had 2 spell levels left.
You knew the following spells:

 Your Spells              Type           Power        Failure   Level  Hunger
a - Magic Dart            Conj           ###.         2%          1    None
b - Blink                 Tloc           N/A          14%         2    #......
c - Repel Missiles        Chrm/Air       #.....       21%         2    #......
d - Mephitic Cloud        Conj/Pois/Air  #.......     24%         3    ##.....
e - Conjure Flame         Conj/Fire      ##......     17%         3    ##.....


Dungeon Overview and Level Annotations

Branches:
Dungeon (3/15)

Altars:

Annotations:
D:3 skk's ghost, amateur SpSk


Innate Abilities, Weirdness & Mutations

You have sharp toenails.
You are partially covered in large bone plates (AC +2, SH +2).
When hurt, damage is shared between your health and your magic reserves.


Message History

The orc priest is almost dead.
The orc priest barely misses you.
You closely miss the orc priest.
The orc priest is almost dead.
The orc priest barely misses you.
You hit the orc priest.
The orc priest is almost dead.
The orc priest barely misses you.
You barely miss the orc priest.
The orc priest is almost dead.
The orc priest barely misses you.
You hit the orc priest.
You kill the orc priest!
The giant frog hits you!
* * * LOW HITPOINT WARNING * * *
The giant frog closely misses you.
The giant frog hits you but does no damage.
The orc priest mumbles some strange prayers to Beogh against you.
Beogh smites you!
You die...

.....#...................).......
.........$.......................
####†..#.....###################.
#####..#.#...o.........# ###.
.........#.#.###o####### #...
.................# ########.##
................o# #.....##...
.........#.#....F# #.....#####
#.####...#.#####@######.....##...
#......#.#.#####.................
.................................
#......#..######.#.####.........#
#.........# ######.####.....##'##
..........###.......[.......##.#
#.....###..##.####.####.....####
#......##.)##.# #.# #.....#####
##............# #.# #..........


You could see a giant frog, an orc priest and an orc.

Vanquished Creatures
  An orc priest (D:3)
  An orc wizard (D:3)
  Terence (D:3)
  3 adders
  A worm (D:2)
  A dart slug (D:1)
  A giant gecko (D:2)
  5 orcs (D:3)
  2 giant cockroaches
  8 goblins
  4 hobgoblins
  12 jackals
  A quokka (D:2)
  A ball python (D:1)
  7 bats
  6 giant newts
  9 kobolds
  10 rats
74 creatures vanquished.

Vanquished Creatures (others)
  5 toadstools (D:1)
5 creatures vanquished.

Grand Total: 79 creatures vanquished

Notes
Turn   | Place    | Note
--------------------------------------------------------------
     0 | D:1      | Chiseanne the Demonspawn Wizard began the quest for the Orb.
     0 | D:1      | Reached XP level 1. HP: 13/13 MP: 4/4
   655 | D:1      | Gained mutation: When hurt, damage is shared between your health and your magic reserves. [demonic ancestry]
   655 | D:1      | Reached XP level 2. HP: 19/19 MP: 3/6
  1425 | D:1      | Learned a level 2 spell: Blink
  1428 | D:1      | Learned a level 2 spell: Repel Missiles
  1814 | D:3      | Noticed Terence
  2040 | D:2      | Reached XP level 3. HP: 24/24 MP: 4/8
  2130 | D:2      | Learned a level 3 spell: Mephitic Cloud
  3009 | D:2      | Gained mutation: You are partially covered in large bone plates (AC +2, SH +2). [demonic ancestry]
  3009 | D:2      | Reached XP level 4. HP: 11/30 MP: 0/9
  3554 | D:3      | Noticed skk's ghost (amateur SpSk)
  3687 | D:3      | Reached skill level 4 in Spellcasting
  3736 | D:3      | Learned a level 3 spell: Conjure Flame
  3825 | D:3      | Killed Terence
  4421 | D:3      | Gained mutation: You have sharp toenails. [demonic ancestry]
  4421 | D:3      | Reached XP level 5. HP: 35/35 MP: 2/11
  4537 | D:3      | Killed from afar by an orc priest

Skill      XL: |  1  2  3  4 |
---------------+-------------+-----
Conjurations   | 2 3 |  3.8
Spellcasting   | 4 |  4.5
Dodging        | |  1.7
Stealth        | |  1.7
Summonings     | |  1.0
Translocations | |  0.8

Action                   |  1- 3 |  4- 6 || total
-------------------------+-------+-------++-------
Melee: Whip              |    13 |       ||    13
       Short sword       |    62 |    35 ||    97
 Cast: Magic Dart        |   106 |    61 ||   167
       Blink             |     1 |     1 ||     2
       Repel Missiles    |     1 |     1 ||     2
       Mephitic Cloud    |       |     4 ||     4
       Conjure Flame     |       |     2 ||     2
  Use: Scroll            |     5 |     1 ||     6
       Potion            |     2 |       ||     2
  Eat: Chunk             |     7 |     5 ||    12
Armor: Robe              |    18 |    16 ||    34
       Skin              |    42 |       ||    42
Dodge: Dodged            |    47 |    27 ||    74
       Deflected         |       |     1 ||     1
Block: Other             |       |     2 ||     2
